 Dungeon Crawl Stone Soup version 0.29.1-13-g9f3cf754e1 (webtiles) character file.

Game seed: 17376311142197607668

2 Thatpatchoflichen the Ducker (level 1, 0/15 HPs)
             Began as a Felid Berserker on Jan 21, 2023.
             Was a Follower of Trog.
             Slain by a jackal (2 damage)
             ... on level 1 of the Dungeon.
             The game lasted 00:00:43 (108 turns).

Thatpatchoflichen the Ducker (Felid Berserker)       Turns: 108, Time: 00:00:43

Health: 0/15       AC:  1    Str: 13    XL:     1   Next: 33%
Magic:  2/2        EV: 18    Int:  8    God:    Trog [*.....]
Gold:   0          SH:  0    Dex: 15    Spells: 0/0 levels left
                                        Lives:  0   Deaths: 0

rFire   . . .      SeeInvis +     - Unarmed
rCold   . . .      Faith    .   (shield unavailable)
rNeg    . . .      Spirit   .   (body armour unavailable)
rPois   .          Reflect  .   (helmet unavailable)
rElec   .          Harm     .   (cloak unavailable)
rCorr   .          Rampage  .   (gloves unavailable)
Will    .....                   (boots unavailable)
Stlth   ..........              (no amulet)
HPRegen 0.05/turn               (no ring)
MPRegen 0.08/turn               (no ring)

@: berserking, very quick
A: very small, claws 1, fangs 3, see invisible, speed 1, shaggy fur 1, stealthy
paws, no weapons or thrown items, no armour, multi-lived
a: Renounce Religion, Berserk


You were on level 1 of the Dungeon.
You worshipped Trog.
Trog was aware of your devotion.
You visited 1 branch of the dungeon, and saw 1 of its levels.

You aren't carrying anything.


   Skills:
 + Level 3.0 Fighting
 + Level 4.1 Dodging
 + Level 3.0 Unarmed Combat


You couldn't memorise any spells.
You didn't know any spells.
Your spell library was empty.

Dungeon Overview and Level Annotations

Branches:
Dungeon (1/15)

Altars:


Innate Abilities, Weirdness & Mutations

You have sharp claws.
You have razor-sharp teeth.
You have supernaturally acute eyesight. (SInv)
You cover ground quickly. (Speed+)
You are covered in fur. (AC +1)
Your paws help you pounce on unaware monsters.
You are incapable of wielding weapons or throwing items.
You cannot wear armour.
You gain extra lives every three experience levels.


Message History

The jackal closely misses you. The jackal bites you.
* * * LOW HITPOINT WARNING * * *
You scratch the jackal but do no damage.
Your bite misses the jackal.
The jackal is lightly wounded.
The jackal closely misses you. The jackal misses you. x2
The jackal attacks as you move away! The jackal misses you.
The jackal barely misses you. The jackal attacks as you move away!
The jackal closely misses you.
Found a chain mail.
A hobgoblin comes into view.
The jackal attacks as you move away! The jackal barely misses you.
You claw the jackal!
You kill the jackal!
Trog accepts your kill.
The hobgoblin shouts!
A ball python comes into view.
The jackal barely misses you.
You see here a jackal corpse.
The jackal completely misses you. The jackal closely misses you.
You scratch the jackal but do no damage.
The jackal bites you.
* * * LOW HITPOINT WARNING * * *
You scratch the jackal.
The jackal is almost dead.
The jackal barely misses you. The jackal closely misses you.
The jackal bites you but does no damage.
You closely miss the jackal.
The jackal is almost dead.
The jackal closely misses you. The jackal misses you.
The jackal closely misses you.
A red film seems to cover your vision as you go berserk!
You feel yourself moving faster!
You feel mighty! The jackal misses you.
The jackal bites you but does no damage.
You claw the jackal!
You kill the jackal!
Trog accepts your kill. The jackal bites you.
You die...

### ##.####.#.#.#.####....###
..# #..#.#.###.#.#.#.#......###
###.#
#.#.♣.###.⌠.###.⌠.#........
.##.###..#.###.#.#.#.#.#....#.#
.##...##.####.###.#.####.#....#
......###.##.⌠.# #.⌠.##.......#
.##...#....##.#.###.##........#
.....#..###..#...h.#..#####.###
.......## #...#@.g..## .#
####>#.# #...##†### .# # #.#.#
######.# +# # #.#.# #.# # ..#.#
#g# # .##.# ... # .. #.# [.. .
.. ... ..... ##.. ### ....#


You could see a jackal and a hobgoblin.

Vanquished Creatures
  A giant cockroach (D:1)
  2 jackals (D:1)
3 creatures vanquished.

Notes
Turn   | Place    | Note
-------+----------+-------------------------------------------
     0 | D:1      | Thatpatchoflichen the Felid Berserker began the quest for
                  | the Orb.
     0 | D:1      | Reached XP level 1. HP: 10/10 MP: 2/2
   108 | D:1      | Slain by a jackal

Illustrated notes

Levels and vault maps discovered:
D:1:      dpeg_arrival_rooms_with_view, layout_loops_corners,
          chequers_arboretum, grunt_decor_mini_mirrors

Action                   || total
-------------------------++-------
Melee: Unarmed           ||    16
Invok: Berserk           ||     1
Armor: Skin              ||     3
Dodge: Dodged            ||    28
